 Dungeon Crawl Stone Soup version 0.26.1-2-gb8aa6d0cf2 (webtiles) character file.

Game seed: 3075777810643680213

203 sixstringaxe the Covered (level 5, -1/49 HPs)
             Began as a Deep Dwarf Fighter on Feb 27, 2021.
             Slain by an orc wizard
             ... wielding a +0 dagger of distortion
              (11 damage)
             ... on level 3 of the Dungeon.
             The game lasted 00:19:41 (1607 turns).

sixstringaxe the Covered (Deep Dwarf Fighter)       Turns: 1607, Time: 00:19:42

Health: -1/49      AC:  7    Str: 21    XL:     5   Next: 51%
Magic:  5/5        EV:  8    Int:  8    God:
Gold:   49         SH:  9    Dex: 12    Spells: 4/4 levels left

rFire    . . .     SeeInvis .   m - +1 short sword (venom)
rCold    . . .     Faith    .   c - +0 kite shield
rNeg     . . .     Spirit   .   b - +0 scale mail
rPois    .         Reflect  .   (no helmet)
rElec    .         Harm     .   (no cloak)
rCorr    .         Rampage  .   (no gloves)
Will     .....                  (no boots)
Stlth    +.........             (no amulet)
HPRegen  0.00/turn              t - ring of stealth
MPRegen  0.09/turn              (no ring)

@: non-regenerating
A: damage resistance, heal wounds, sense surroundings 1, no regeneration
a: Heal Wounds


You were on level 3 of the Dungeon.
You visited 1 branch of the dungeon, and saw 3 of its levels.

You collected 49 gold pieces.

Inventory:

Hand Weapons
 a - a +0 war axe
 m - a +1 short sword of venom (weapon)
Missiles
 i - a throwing net
 j - 6 poisoned darts
Armour
 b - a +0 scale mail (worn)
 c - a +0 kite shield (worn)
Jewellery
 t - a ring of stealth (left hand)
Wands
 e - a wand of polymorph (19)
 n - a wand of flame (21)
 q - a wand of random effects (27)
Scrolls
 f - 2 scrolls of blinking {unknown}
 g - 3 scrolls of teleportation
 h - a scroll of fear {unknown}
 o - a scroll of random uselessness {unknown}
 p - 2 scrolls of identify
 u - a scroll of immolation {unknown}
Potions
 d - a potion of might
 k - 2 potions of haste {unknown}
 l - 2 potions of curing {unknown}
 r - a potion of magic {unknown}
 s - a potion of degeneration {unknown}
 v - a potion of mutation {unknown}


   Skills:
 + Level 3.3 Fighting
 + Level 4.2 Axes
 + Level 4.2 Armour
 + Level 1.0 Dodging
 + Level 4.2 Shields


You had 4 spell levels left.
You didn't know any spells.
Your spell library was empty.

Dungeon Overview and Level Annotations

Branches:
Dungeon (3/15)

Altars:
Nemelex Xobeh
Uskayaw
Xom
Yredelemnul


Innate Abilities, Weirdness & Mutations

You are resistant to damage.
You can heal yourself by infusing magical energy.
You passively map a small area around you.
You do not regenerate.


Message History

The orc wizard seems to speed up.
You hear a shout!
The orc wizard closely misses you.
The orc wizard hits you but does no damage.
Space warps horribly around you!
* * * LOW HITPOINT WARNING * * *
You puncture the orc wizard!
The orc wizard is heavily wounded.
You block the orc wizard's attack.
You closely miss the orc wizard.
The orc wizard is heavily wounded.
You block the orc wizard's attack.
The orc wizard gestures at you while chanting.
The puff of frost hits you.
* * * LOW HITPOINT WARNING * * *
You hit the orc wizard.
The orc wizard is poisoned.
The orc wizard is severely wounded.
The orc wizard hits you but does no damage.
Space warps horribly around you!
You die...

# #.#.# #.#..# # #.#.# #.#..#
* # #.#.# #.#.># # #.#.#
#.#w.# * ##########.#.#
#.#..####..
...........#.####.......o..,,
* ............#........####..
.###########.######.## ##
#....@oo.# ##########


You could see an orc wizard (fast, very poisoned) and an orc.

Vanquished Creatures
  An orc priest (D:3)
  2 orc wizards
  Ijyb (D:3)
  Terence (D:3)
  An adder (D:2)
  A worm (D:2)
  2 dart slugs
  2 leopard geckos
  7 orcs
  3 giant cockroaches
  2 gnoll zombies (D:2)
  3 hobgoblins
  2 jackals (D:1)
  5 kobolds
  3 bats (D:1)
  A frilled lizard (D:2)
  7 goblins
  4 rats
48 creatures vanquished.

Notes
Turn   | Place    | Note
-------+----------+-------------------------------------------
     0 | D:1      | sixstringaxe the Deep Dwarf Fighter began the quest for the
                  | Orb.
     0 | D:1      | Reached XP level 1. HP: 20/20 MP: 1/1
   129 | D:1      | Reached XP level 2. HP: 20/27 MP: 2/2
   874 | D:2      | Reached XP level 3. HP: 20/34 MP: 3/3
   937 | D:2      | Reached XP level 4. HP: 21/42 MP: 4/4
  1107 | D:2      | Found a basalt altar of Yredelemnul.
  1199 | D:3      | Reached XP level 5. HP: 19/49 MP: 5/5
  1309 | D:3      | Found a hide-covered altar of Uskayaw.
  1309 | D:3      | Found a shimmering altar of Xom.
  1310 | D:3      | Found a sparkling altar of Nemelex Xobeh.
  1323 | D:3      | Noticed Ijyb
  1331 | D:3      | Killed Ijyb
  1411 | D:3      | Noticed Terence
  1421 | D:3      | Killed Terence
  1422 | D:3      | Reached skill level 1 in Dodging
  1607 | D:3      | Slain by an orc wizard

Illustrated notes

Levels and vault maps discovered:
D:1:      dpeg_arrival_erosion, layout_loops_ring,
          hangedman_decor_clover_reticule, minmay_misc_feat_alley,
          chequers_serial_rivers_small_b
D:2:      layout_basic, lemuel_zombie_altar_yredelemnul
D:3:      layout_loops_ring, gammafunk_temple_overflow_claw, uniq_terence,
          uniq_ijyb

Skill      XL: |  1  2  3  4  5 |
---------------+----------------+-----
Fighting       | 3 |  3.3
Shields        | 4 |  4.2
Axes           | 3 4 |  4.2
Armour         | 4 |  4.2
Dodging        | 1 |  1.0

Action                   |  1- 3 |  4- 6 || total
-------------------------+-------+-------++-------
Melee: War axe           |    81 |    43 ||   124
       Short sword       |       |    36 ||    36
 Abil: Heal Wounds       |       |     3 ||     3
  Use: Scroll            |       |     2 ||     2
Armor: Scale mail        |    29 |    27 ||    56
Dodge: Dodged            |    23 |    17 ||    40
Block: Kite shield       |    47 |    41 ||    88
